 Dungeon Crawl Stone Soup version 0.31.0-2-g5a2aebc5c2 (webtiles) character file.

Game seed: 15360683081579905620

56439 Dirian the Severer (level 14, -5/124 HPs)
             Began as a Minotaur Fighter on Jan 20, 2024.
             Was a High Priest of Makhleb.
             Slain by Rupert
             ... wielding a +1 heavy great sword
              (33 damage)
             ... on level 2 of the Orcish Mines.
             The game lasted 00:39:54 (19282 turns).

Dirian the Severer (Minotaur Fighter)              Turns: 19282, Time: 00:39:55

Health: -5/124     AC: 21    Str: 25    XL:     14   Next: 42%
Magic:  20/20      EV:  8    Int:  7    God:    Makhleb [*****.]
Gold:   1443       SH: 23    Dex: 14    Spells: 13/13 levels left

rFire   + + .        a - +0 broad axe (flame)
rCold   x . .        G - +0 tower shield
rNeg    . . .        J - +6 fire dragon scales "Lixatuiz" {rF++ rC- rCorr Int+2 Dex+3}
rPois   +            (helmet restricted)
rElec   .            (no cloak)
rCorr   +            e - +0 pair of gloves
SInv    .            D - +0 pair of boots
Will    +....        A - amulet of reflection Stlth
                     E - ring of poison resistance
HPRegen 0.40/turn    k - ring of flight
MPRegen 0.17/turn

%: reflection
@: flying
A: horns 2, retaliatory headbutt
a: Renounce Religion, Minor Destruction, Lesser Servant of Makhleb, Major
Destruction, Greater Servant of Makhleb


You were on level 2 of the Orcish Mines.
You worshipped Makhleb.
Makhleb was extremely pleased with you.
You visited 4 branches of the dungeon, and saw 20 of its levels.
You also visited: Sewer.

You collected 1963 gold pieces.
You spent 520 gold pieces at shops.

Inventory:

Hand Weapons
 a - a +0 broad axe of flaming (weapon)
Missiles
 f - 14 boomerangs (quivered)
 j - 4 throwing nets
Armour
 e - a +0 pair of gloves (worn)
 D - a +0 pair of boots (worn)
 G - a +0 tower shield (worn)
 J - the +6 fire dragon scales "Lixatuiz" (worn) {rF++ rC- rCorr Int+2 Dex+3}
   (You found it on level 5 of the Lair of Beasts)

   Int+2:     It affects your intelligence (+2).
   Dex+3:     It affects your dexterity (+3).
   rF++:      It greatly protects you from fire.
   rC-:       It makes you vulnerable to cold.
   rCorr:     It protects you from acid and corrosion.
Jewellery
 g - a +4 ring of protection
 k - a ring of flight (right hand)
 l - a ring of positive energy
 A - an amulet of reflection (around neck)
 B - a ring of protection from fire
 E - a ring of poison resistance (left hand)
Wands
 v - a wand of digging (8)
Scrolls
 b - 3 scrolls of fear
 c - 3 scrolls of fog
 o - 4 scrolls of noise
 r - 3 scrolls of identify
 t - 5 scrolls of teleportation
 z - a scroll of blinking
 C - a scroll of acquirement
 F - 3 scrolls of immolation
 L - a scroll of revelation
Potions
 d - 3 potions of might
 h - a potion of haste
 m - 3 potions of enlightenment
 n - a potion of resistance
 p - 2 potions of lignification
 q - 2 potions of curing
 s - a potion of cancellation
 u - a potion of ambrosia
 w - 4 potions of heal wounds
 x - a potion of mutation
 y - 3 potions of brilliance
 H - a potion of magic
Miscellaneous
 i - a lightning rod (4/4)
 I - a tin of tremorstones (2/2)


   Skills:
 + Level 11.5 Fighting
 + Level 15.8 Axes
 * Level 10.9 Throwing
 + Level 11.8 Armour
 + Level 13.2 Shields
 * Level 9.8 Invocations


You had 13 spell levels left.
You didn't know any spells.
Your spell library contained the following spells:

 Spells                   Type           Power      Damage    Failure   Level
 Apportation              Tloc           0%         N/A       96%         1
 Freeze                   Ice            0%         1d3       96%         1
 Cigotuvi's Dreadful Rot  Necr/Alch/Air  0%         N/A       99%         2
 Jinxbite                 Hex            0%         N/A       99%         2
 Frozen Ramparts          Ice            0%         1d1       100%        3
 Hailstorm                Conj/Ice       0%         3d5       100%        3
 Ignite Poison            Fire/Alch      0%         N/A       100%        4
 Alistair's Intoxication  Alch           0%         N/A       100%        5
 Freezing Cloud           Conj/Ice/Air   0%         6-21      100%        5


Dungeon Overview and Level Annotations

Branches:
Dungeon (12/15) Zot: 26554  Temple (1/1) D:5 Zot: 5989    Lair (5/5) D:9 Zot: 23594
  Swamp (0/4) Lair:2       Spider (0/4) Lair:3        Slime (0/5) Lair:4
    Orc (2/2) D:11 Zot: 10257     Elf (0/3) Orc:2         Sewer (visited)

Altars:
Ashenzari
Cheibriados
Dithmenos
Elyvilon
Fedhas
Gozag
Hepliaklqana
Kikubaaqudgha
Makhleb
Nemelex Xobeh
Okawaru
Qazlal
Ru
Sif Muna
Trog
Uskayaw
Vehumet
Wu Jian
Xom
Yredelemnul
Zin
The Shining One
Jiyva

Shops:
D:3 ?   D:6 (   D:9 =   D:11 (   Orc:1 [*[?:   Orc:2 =

Portals:
Trove: D:11 (show abyssal rune of Zot)

Annotations:
Orc:2 Rupert


Innate Abilities, Weirdness & Mutations

You have a pair of horns on your head.
You reflexively headbutt those who attack you in melee.


Message History

You slice Rupert!! You burn Rupert! You headbutt Rupert!
Rupert is heavily wounded.
Your smoke demon hits Rupert but does no damage. x2
Your smoke demon barely misses Rupert.
Your orange demon stings Rupert but does no damage.
Your orange demon hits Rupert but does no damage.
Rupert hits your orange demon with a +1 heavy great sword!!
You slash Rupert! You burn Rupert. You headbutt Rupert, but do no damage.
Rupert is heavily wounded.
Your smoke demon hits Rupert.
Your smoke demon closely misses Rupert.
Your smoke demon barely misses Rupert.
Your orange demon stings Rupert.
Your orange demon hits Rupert.
Rupert hits your orange demon with a +1 heavy great sword!!!
Your orange demon dies!
Your orange demon disappears in a puff of smoke!
Rupert shouts!
You slice Rupert!! You burn Rupert.
Rupert is severely wounded.
Your smoke demon hits Rupert but does no damage.
Your smoke demon barely misses Rupert.
Your smoke demon closely misses Rupert.
Rupert hits you with a +1 heavy great sword!!!
* * * LOW HITPOINT WARNING * * *
Your smoke demon hits Rupert but does no damage.
Your smoke demon hits Rupert.
Your smoke demon barely misses Rupert.
Rupert hits your smoke demon with a +1 heavy great sword!!!
Your smoke demon dies!
Your smoke demon disappears in a puff of smoke!
Rupert shouts!
Throw: 14 boomerangs
Press: ? - help, Q - select action, (/) - cycle Shift-Dir - straight line, f - Rupert
Aim: Rupert, wielding a +1 heavy great sword and wearing a +0 scale mail (severely wounded, berserk, 70% to hit)
You throw a boomerang.
The boomerang hits Rupert but does no damage.
Rupert is severely wounded.
Rupert rages.
You slice Rupert!! You burn Rupert! Your headbutt misses Rupert.
Rupert is almost dead.
Rupert hits you with a +1 heavy great sword!!
You die...
Rupert roars with triumph.

##... ###.#.##))[...............
#....##......#..#...............
#........#..................)).
.. ##......##.#.)..............).
..####......##)................).
....#........##..................
........####..#.....#..####......
........#∩.####.....#### #......
........#...###8@..8# #......
........##...##.@...# ##..)...
.........##...#.....#... #.[<[...
..........##..§§.......# #.))[...
........#####.........#####.....#
........).8...§.........8.......#
........))))...............[.....
.........)))....._...............
.................................


You could see Rupert (berserk).

Vanquished Creatures
  Frances (D:12)
  An orc warlord (Orc:2)
  An ettin (Orc:1)
  A hydra (Lair:3)
  A catoblepas (Lair:1)
  A two-headed ogre (D:9)
  2 death yaks (Lair:5)
  An orc high priest (Orc:2)
  Nergalle (Lair:2)
  2 skysharks (Lair:5)
  A goliath frog (Lair:5)
  A bog body (Lair:2)
  4 orc knights (Orc:2)
  4 orc sorcerers
  A cyclops (D:10)
  A manticore (Lair:1)
  Joseph (Lair:1)
  16 elephants
  A kobold blastminer (Orc:1)
  17 cane toads
  4 black mambas
  8 komodo dragons
  2 torpor snails
  A rime drake (Lair:1)
  2 unseen horrors (D:11)
  2 trolls
  The ghost of Quoth the Cutter, a novice SpEn of Elyvilon (D:10)
  2 polar bears
  A tyrant leech (Lair:5)
  18 blink frogs
  4 slime creatures (D:11)
  A shadow (D:10)
  31 yaks
  Sigmund (D:3)
  A wraith (D:10)
  3 wyverns
  4 basilisks
  Grum (Lair:1)
  A warg (Orc:2)
  A fire elemental (Lair:5)
  3 vampire mosquitoes (Lair:5)
  3 steam dragons (D:10)
  Edmund (D:6)
  2 acid dragons
  17 water moccasins
  2 ice beasts
  A sky beast (D:6)
  25 orc warriors
  A black bear (D:6)
  5 ogres
  12 wolves
  12 centaurs
  A phantom (D:5)
  2 kobold brigands
  28 bullfrogs
  2 scorpions
  5 wights (D:10)
  7 killer bees
  2 howler monkeys
  An electric eel (Lair:5)
  A bombardier beetle (D:5)
  A lava snake (Lair:5)
  2 hounds
  A gnoll bouda (D:5)
  15 orc priests
  3 jellies
  A sleepcap (D:7)
  3 iguanas
  Ijyb (D:4)
  Natasha (thrice) (D:4)
  28 orc wizards
  8 gnolls
  17 adders
  5 ufetubi
  A ribbon worm (D:4)
  8 dart slugs
  68 orcs
  4 bats
  17 endoplasms
  15 giant cockroaches
  9 goblins
  6 hobgoblins
  7 jackals
  2 quokkas
  14 ball pythons
  19 frilled lizards
  8 kobolds
  7 rats
554 creatures vanquished.

Vanquished Creatures (collateral kills)
  A hydra (Lair:5)
  A goliath frog (Lair:5)
  An elephant (Lair:5)
  A black mamba (Lair:1)
  A polar bear (Lair:3)
  7 blink frogs
  A basilisk (Lair:5)
  2 vampire mosquitoes (Lair:5)
  A water moccasin (Lair:3)
  A black bear (Lair:1)
  2 bullfrogs (Lair:5)
19 creatures vanquished.

Grand Total: 573 creatures vanquished

Notes
Turn   | Place    | Note
-------+----------+-------------------------------------------
     0 | D:1      | Dirian the Minotaur Fighter began the quest for the Orb.
     0 | D:1      | Reached XP level 1. HP: 19/19 MP: 0/0
   181 | D:1      | Reached XP level 2. HP: 27/27 MP: 1/1
   665 | D:2      | Reached skill level 3 in Axes
   665 | D:2      | Reached XP level 3. HP: 14/33 MP: 2/2
   799 | D:2      | Reached XP level 4. HP: 41/41 MP: 3/3
  1582 | D:3      | Found Seuloj's Magic Scroll Shoppe.
  1731 | D:3      | Reached skill level 4 in Axes
  1734 | D:3      | Reached XP level 5. HP: 41/47 MP: 4/4
  2089 | D:3      | Noticed Sigmund
  2095 | D:3      | Killed Sigmund
  2096 | D:3      | Reached skill level 5 in Axes
  2096 | D:3      | Reached skill level 1 in Throwing
  2096 | D:3      | Reached skill level 5 in Armour
  2096 | D:3      | Reached XP level 6. HP: 40/55 MP: 5/5
  2403 | D:4      | Noticed Natasha
  2422 | D:4      | Killed Natasha
  2433 | D:4      | Reached skill level 5 in Fighting
  2433 | D:4      | Reached skill level 6 in Axes
  2445 | D:4      | Noticed Natasha
  2456 | D:4      | Killed Natasha
  2457 | D:4      | Reached XP level 7. HP: 11/61 MP: 6/6
  2701 | D:4      | Noticed Natasha
  2708 | D:4      | Killed Natasha
  2728 | D:4      | Found a broken altar of Ashenzari.
  2881 | D:4      | Found a glowing drain.
  2895 | Sewer    | Entered a sewer
  3155 | Sewer    | Reached skill level 7 in Axes
  3363 | D:4      | Noticed Ijyb
  3370 | D:4      | Killed Ijyb
  3615 | D:4      | Reached XP level 8. HP: 43/70 MP: 7/7
  3803 | D:4      | Found an opulent altar of Gozag.
  3873 | D:5      | Entered Level 5 of the Dungeon
  3884 | D:5      | Reached skill level 8 in Axes
  3935 | D:5      | Found a staircase to the Ecumenical Temple.
  3976 | Temple   | Entered the Ecumenical Temple
  3981 | Temple   | Became a worshipper of Makhleb the Destroyer
  4009 | D:5      | Found a glowing silver altar of Zin.
  4193 | D:5      | Found an iron altar of Okawaru.
  4249 | D:5      | Reached skill level 5 in Shields
  4308 | D:5      | Reached skill level 1 in Invocations
  4666 | D:6      | Found a hazy altar of Hepliaklqana.
  4666 | D:6      | Found Puiptar's Weapon Shoppe.
  4779 | D:6      | Reached skill level 9 in Axes
  4809 | D:6      | Reached XP level 9. HP: 70/77 MP: 9/9
  4856 | D:6      | Reached * piety under Makhleb
  5029 | D:6      | Found a shadowy altar of Dithmenos.
  5193 | D:6      | Noticed Edmund
  5200 | D:6      | Killed Edmund
  5410 | D:7      | Reached skill level 10 in Axes
  5425 | D:7      | Reached skill level 5 in Throwing
  6049 | D:8      | Identified the +2 robe of Ignis's Regard {+Inv rF+ Regen+
                  | Str+8 Dex-4}
  6271 | D:8      | Reached ** piety under Makhleb
  7399 | D:9      | Reached XP level 10. HP: 77/86 MP: 12/12
  7498 | D:9      | Found a stormy altar of Qazlal.
  7518 | D:9      | Noticed a two-headed ogre
  7530 | D:9      | Killed a two-headed ogre
  7531 | D:9      | Reached skill level 11 in Axes
  7680 | D:9      | Noticed an elephant
  7697 | D:9      | Killed an elephant
  7782 | D:9      | Found Diplom's Jewellery Emporium.
  7796 | D:9      | Identified a scroll of acquirement
  7884 | D:9      | Noticed an elephant
  7885 | D:9      | Found a staircase to the Lair.
  7894 | D:9      | Killed an elephant
  7895 | D:9      | Reached skill level 5 in Invocations
  8236 | D:9      | Found a bloodstained altar of Trog.
  8337 | D:9      | Found a shimmering blue altar of Sif Muna.
  8386 | D:9      | Bought a ring of poison resistance for 240 gold pieces
  8398 | D:10     | Entered Level 10 of the Dungeon
  8730 | D:10     | Reached skill level 12 in Axes
  8754 | D:11     | Reached XP level 11. HP: 12/94 MP: 14/14
  9048 | D:10     | Found a runed translucent door.
  9075 | D:10     | Identified the +8 spear "Wiaqiekk" {holy, rF+ Str+4 Dex+2}
  9137 | D:10     | Reached *** piety under Makhleb
  9351 | D:10     | Noticed Quoth's ghost (novice SpEn)
  9399 | D:10     | Killed Quoth's ghost
  9545 | D:11     | Found a staircase to the Orcish Mines.
 10098 | D:11     | Found Evyzyror's Weapon Boutique.
 10588 | D:11     | Found a portal to a secret trove of treasure.
 10666 | D:12     | Noticed Frances
 10684 | D:12     | Killed Frances
 10929 | D:12     | Noticed a two-headed ogre
 11026 | Lair:1   | Entered Level 1 of the Lair of Beasts
 11075 | Lair:1   | Noticed a catoblepas
 11124 | Lair:1   | Killed a catoblepas
 11125 | Lair:1   | Reached skill level 13 in Axes
 11337 | Lair:1   | Reached skill level 10 in Armour
 11559 | Lair:1   | Noticed Joseph
 11564 | Lair:1   | Killed Joseph
 11607 | Lair:1   | Reached XP level 12. HP: 88/104 MP: 16/16
 11688 | Lair:1   | Noticed Grum
 11708 | Lair:1   | Killed Grum
 11965 | Lair:1   | Noticed a boulder beetle
 11985 | Lair:1   | Noticed a boulder beetle
 12660 | Lair:2   | Reached **** piety under Makhleb
 12717 | Lair:2   | Found a staircase to the Swamp.
 12994 | Lair:2   | Noticed Nergalle
 13014 | Lair:2   | Killed Nergalle
 13195 | Lair:2   | Reached skill level 14 in Axes
 13576 | Lair:3   | Noticed a six-headed hydra
 13584 | Lair:3   | Killed a six-headed hydra
 13585 | Lair:3   | Reached skill level 10 in Shields
 13788 | Lair:3   | Found a hole to the Spider Nest.
 14057 | Lair:3   | Reached XP level 13. HP: 77/113 MP: 18/18
 14064 | Lair:3   | Reached skill level 10 in Fighting
 15451 | Lair:4   | Found a staircase to the Slime Pits.
 15451 | Lair:4   | Found a viscous altar of Jiyva.
 15731 | Lair:5   | Entered Level 5 of the Lair of Beasts
 16070 | Lair:5   | Reached ***** piety under Makhleb
 16172 | Lair:5   | Reached skill level 15 in Axes
 16172 | Lair:5   | Reached skill level 10 in Throwing
 16925 | Lair:5   | Identified the +6 fire dragon scales "Lixatuiz" {rF++ rC-
                  | rCorr Int+2 Dex+3}
 16951 | Lair:5   | Reached XP level 14. HP: 101/124 MP: 20/20
 17515 | Orc:1    | Entered Level 1 of the Orcish Mines
 17515 | Orc:1    | Found Duvew's Antique Armour Emporium.
 17563 | Orc:1    | Found Ymomirogh's General Store.
 17566 | Orc:1    | Bought a potion of cancellation for 80 gold pieces
 17566 | Orc:1    | Bought a scroll of brand weapon for 95 gold pieces
 17874 | Orc:1    | Found Otuwoq's Armour Shop.
 18042 | Orc:1    | Found Qeulimut's Magic Scroll Boutique.
 18048 | Orc:1    | Bought a scroll of revelation for 105 gold pieces
 18099 | Orc:2    | Entered Level 2 of the Orcish Mines
 18348 | Orc:2    | Found a staircase to the Elven Halls.
 18584 | Orc:1    | Noticed an orc warlord
 18584 | Orc:1    | Found Nasyriez's Vocational Training.
 18916 | Orc:2    | Reached ****** piety under Makhleb
 18955 | Orc:2    | Noticed an orc warlord
 18976 | Orc:2    | Killed an orc warlord
 19249 | Orc:2    | Found Hounley's Jewellery Boutique.
 19261 | Orc:2    | Identified the maw talisman "Atwu Ygh" {rElec Will+ Int-3}
 19261 | Orc:2    | Noticed Rupert
 19269 | Orc:2    | Paralysed by Rupert for 4 turns
 19282 | Orc:2    | Slain by Rupert

Illustrated notes

Levels and vault maps discovered:
D:1:      tarquinn_simple_flora_water_c, layout_basic, minmay_misc_feat_square
D:2:      layout_rooms, minmay_misc_feat_x, minmay_pentomino_t2
D:3:      layout_basic, serial_shops, nicolae_shop_tiny_real_fake_doors,
          grunt_ministairs_2, kennysheep_cross_bottleneck,
          kennysheep_generic_room_6, uniq_sigmund
D:4:      layout_basic, mainiacjoe_overflow_surrounded_room,
          nicolae_gozag_cash_rules_everything_around_me,
          cheibrodos_sewer_entry_bend, kennysheep_orc_chapel, uniq_ijyb,
          uniq_natasha
D:5:      layout_cave_pools, lemuel_doored_altar, okawaru_metal_pillars_1_2,
          minmay_temple_entry_wispy
D:6:      layout_basic, kennysheep_mini, mainiacjoe_overflow_catwalk,
          serial_shops, nicolae_shop_tiny_statue_garden,
          kennysheep_generic_room_8, uniq_edmund
D:7:      layout_basic
D:8:      layout_basic
D:9:      layout_cross, lemuel_blue_sif_altar, grunt_qazlal_clouds,
          lightli_temple_of_fire, grunt_lair_entry_orc_guard_hut, serial_shops,
          shop
D:10:     layout_cave_pools, ebering_ghost_reflecting_pool,
          minmay_sticks_and_stones
D:11:     layout_cave_pools, orc_0_dummy, serial_shops,
          nicolae_shop_bloodbath_and_beyond, trove_entry_hex_spiral
D:12:     layout_roguey, special_room [special_room_bee], drop_trap,
          lemuel_old_faithful, uniq_frances, uniq_kirke
Temple:   nicolae_temple_bog_church
Lair:1:   layout_cave_pods, st_stairs_6, pdpol_lair_cavern_descent,
          grunt_megastairs_1, uniq_grum, uniq_joseph
Lair:2:   layout_hall_layers, skrybe_swamp_entry_bodies, grunt_megastairs_2,
          uniq_nergalle
Lair:3:   layout_cave_pods, spider_nest_entry_web_field
Lair:4:   layout_regular_city, slime_entry_1, chequers_serial_rivers_small_3,
          serial_bayou_shore_a
Lair:5:   minmay_lair_end_frog_pond, layout_gridlike, hibernation_bobbens
Orc:1:    layout_caves, serial_shops, nicolae_shop_window_shopping, shop, shop,
          nicolae_shop_window_shopping, shop, nicolae_shop_vocational
Orc:2:    grunt_orc_cross, layout_caves, basic_altar, uniq_rupert

Skill      XL: |  1  2  3  4  5  6  7  8  9 10 11 12 13 14 |
---------------+-------------------------------------------+-----
Armour         | 4 5 6 8 9 10 11 | 11.8
Fighting       | 4 5 6 7 8 9 11 | 11.5
Axes           | 3 4 5 6 7 9 10 12 13 14 15 | 15.8
Shields        | 4 5 7 8 10 12 13 | 13.2
Throwing       | 1 2 3 4 5 6 8 9 10 | 10.9
Invocations    | 2 4 5 7 8 9 |  9.8

Action                     |  1- 3 |  4- 6 |  7- 9 | 10-12 | 13-15 || total
---------------------------+-------+-------+-------+-------+-------++-------
  Melee: War axe           |    40 |   128 |   426 |   598 |   642 ||  1834
         Headbutt          |     7 |    13 |    74 |   131 |   197 ||   422
         Unarmed           |       |       |       |     2 |       ||     2
         Broad axe         |       |       |       |       |    38 ||    38
  Throw: Boomerang         |       |       |       |    38 |    29 ||    67
 Invoke: Lesser Servant of |       |       |       |     6 |     7 ||    13
         Minor Destruction |       |       |       |     4 |     1 ||     5
    Use: Potion            |     1 |     1 |     2 |     4 |     1 ||     9
         Scroll            |       |    11 |     8 |     2 |     4 ||    25
   Stab: Distracted        |       |       |       |     2 |     2 ||     4
         Petrified         |       |       |       |     1 |       ||     1
 Armour: Scale mail        |    23 |    73 |       |       |       ||    96
         Skin              |       |    33 |       |       |       ||    33
         Chain mail        |       |    21 |   400 |   305 |       ||   726
         Plate armour      |       |       |       |   295 |   247 ||   542
         Fire dragon scale |       |       |       |       |   110 ||   110
  Dodge: Dodged            |    36 |    53 |   182 |   152 |    77 ||   500
  Block: Buckler           |     6 |    38 |    89 |   128 |       ||   261
         Reflection        |       |       |     1 |    18 |    20 ||    39
         Tower shield      |       |       |       |   483 |   827 ||  1310
